Map: New Repugnancy LE

Players

envious

  • Race: Terran Terran
  • League: Master
  • Spawn Location: 7:00

Cheater 1 (Vision) - Winner!

  • Race: Zerg Zerg
  • Spawn Location: 1:00

VOD

Have the link to the VOD?

Description

Time

  • Played on: April 28, 2019, 9:46 a.m.
  • Length: 11:15
Show
View Real Time Build Order
Export as new Build Order

envious Terran 

Build Orders: Hellion Opening, Reaper Expand 

Get SALT Encoding   

  12  0:01  SCV  
  13  0:13  SCV  
  14  0:17  Supply Depot  
  14  0:25  SCV  
  15  0:39  SCV  
  15  0:40  Barracks  
  16  0:43  Refinery  
  16  0:51  SCV  
  17  1:03  SCV  
  18  1:15  SCV  
  19  1:27  Orbital Command, Reaper  
  20  1:40  Command Center  
  20  1:50  Supply Depot  
  20  1:52  SCV  
  21  1:59  Marine  
  22  2:05  SCV  
  23  2:14  Factory  
  23  2:17  SCV  
  23  2:19  Refinery  
  23  2:21  Barracks Reactor  
  24  2:29  SCV  
  25  2:41  SCV  
  26  2:51  Orbital Command  
  26  2:53  SCV  
  27  3:01  Starport  
  27  3:05  SCV  
  28  3:06  Hellion x2  
  28  3:10  Barracks Tech Lab  
  32  3:17  SCV  
  32  3:18  SCV  
  34  3:24  Supply Depot  
  34  3:28  Hellion x2  
  34  3:29  SCV  
  34  3:30  SCV  
  34  3:31  Marauder  
  42  3:38  Viking  
  44  3:41  SCV  
  44  3:42  SCV  
  44  3:47  Supply Depot  
  46  3:49  Hellion  
  46  3:51  Hellion  
  46  3:53  SCV  
  46  3:54  SCV  
  52  3:58  Marauder  
  54  4:03  Supply Depot  
  54  4:09  Medivac, SCV x2  
  58  4:16  Supply Depot  
  58  4:19  Marauder  
  58  4:21  Armory, SCV x2  
  62  4:27  Hellion  
  62  4:28  Supply Depot  
  62  4:30  Hellion  
  66  4:33  SCV x2  
  68  4:39  Concussive Shells  
  68  4:41  Medivac, Marauder  
  68  4:45  SCV  
  73  4:46  SCV  
  73  4:49  Supply Depot  
  73  4:50  Hellion  
  78  4:53  Hellion  
  78  4:57  SCV  
  78  4:58  SCV  
  80  5:15  SCV x2  
  80  5:18  Starport Reactor  
  82  5:21  Barracks  
  82  5:26  Engineering Bay  
  82  5:27  Barracks, Command Center  
  82  5:28  SCV, Engineering Bay  
  83  5:30  SCV  
  82  5:43  Stimpack, Factory Tech Lab  
  82  5:47  SCV x2  
  82  5:48  Refinery x2  
  73  5:57  Terran Infantry Weapons Level 1  
  73  5:58  Terran Infantry Armor Level 1  
  73  5:59  SCV x2  
  75  6:05  Starport Reactor  
  75  6:09  Barracks  
  75  6:15  Barracks  
  75  6:16  Marine x3  
  75  6:17  Marine x2  
  80  6:19  Siege Tank  
  83  6:34  Marine x3  
  83  6:37  Marine x2  
  88  6:44  Orbital Command  
  88  6:45  Medivac x2  
  92  6:52  Marine x2, Supply Depot  
  92  6:53  Marine, Supply Depot x2  
  87  6:54  Siege Tank  
  87  6:55  Marine x2  
  87  6:58  Barracks Reactor  
  80  7:01  Orbital Command  
  80  7:08  Barracks Reactor  
  78  7:10  Marine x2  
  78  7:11  Marine  
  81  7:15  Marine  
  81  7:16  Marine  
  81  7:17  Medivac x2  
  87  7:27  Marine  
  87  7:28  Marine x2  
  90  7:33  Marine, SCV x3  
  90  7:36  Marine x3  
  97  7:38  Siege Tank, Refinery  
  97  7:42  Refinery  
  97  7:43  Combat Shield  
  100  7:45  Marine x4  
  100  7:46  Marine  
  100  7:47  Medivac  
  100  7:48  SCV x3  
  110  7:51  Marine  
  110  7:54  Marine x3, Supply Depot x2  
  110  7:56  Supply Depot  
  110  7:57  Terran Infantry Weapons Level 2  
  114  8:00  SCV  
  114  8:01  SCV x2  
  114  8:03  Marine x4  
  114  8:04  Marine  
  122  8:09  Marine  
  122  8:12  Marine x3  
  111  8:17  Siege Tank  
  111  8:18  SCV x3  
  111  8:19  Terran Infantry Armor Level 2  
  117  8:20  Marine  
  117  8:21  Marine  
  117  8:25  Marine  
  117  8:26  Marine x2, Command Center  
  122  8:28  Marine  
  122  8:29  Marine  
  122  8:30  SCV  
  122  8:33  Factory  
  125  8:40  Marine x2  
  126  8:44  Marine  
  126  8:45  Marine x4  
  126  8:46  Medivac, Marine  
  126  8:47  Marine  
  128  8:49  Medivac  
  128  8:53  Terran Vehicle Weapons Level 1  
  130  8:57  Siege Tank  
  130  8:58  Marine x2  
  130  9:02  Marine  
  134  9:03  Marine x4  
  134  9:04  Marine  
  134  9:05  Marine  
  136  9:16  Medivac, Marine x2  
  136  9:17  Supply Depot, Factory Tech Lab  
  140  9:18  Supply Depot  
  140  9:19  Supply Depot  
  140  9:20  Marine x2  
  138  9:26  Marine x2  
  138  9:27  Marine x3  
  143  9:33  Marine  
  143  9:34  Marine, Siege Tank  
  143  9:35  Medivac, Command Center  
  143  9:38  Marine  
  150  9:39  Marine  
  150  9:43  Siege Tank  
  150  9:44  Marine  
  156  9:46  Medivac, Marine  
  159  9:55  Refinery  
  159  9:59  Marine x3, Missile Turret  
  162  10:00  Marine x2  
  162  10:02  Refinery  
  163  10:07  Marine  
  163  10:08  Marine x3  
  167  10:16  Marine  
  167  10:17  Marine x3  
  167  10:18  Marine  
  171  10:24  Siege Tank x2  
  171  10:25  Marine  
  171  10:26  Marine x3  
  158  10:33  Medivac x2  
  158  10:34  Marine  
  158  10:35  Marine x3  
  161  10:36  Marine  
  161  10:37  Planetary Fortress  
  161  10:42  Marine  
  162  10:44  Marine x3  
  165  10:52  Marine x2  
  165  10:53  Marine x2  
  165  10:54  Marine  
Show
View Real Time Build Order
Export as new Build Order

Cheater 1 (Vision) Zerg - Winner!

Build Orders: Pool First 

Get SALT Encoding   

  12  0:00  Drone  
  13  0:12  Overlord  
  13  0:16  Drone  
  14  0:30  Drone x2  
  16  0:44  Spawning Pool  
  16  0:45  Drone  
  16  0:50  Drone  
  17  1:12  Hatchery  
  17  1:14  Drone  
  17  1:17  Extractor  
  16  1:19  Drone  
  16  1:22  Drone  
  18  1:27  Drone  
  19  1:38  Overlord  
  19  1:46  Queen  
  21  1:49  Drone  
  22  2:00  Zergling x2  
  23  2:10  Drone  
  24  2:16  Roach Warren  
  24  2:21  Drone, Queen  
  24  2:22  Extractor  
  25  2:24  Drone  
  26  2:32  Drone  
  26  2:35  Overlord  
  27  2:42  Drone  
  28  2:45  Drone  
  29  2:53  Drone x3  
  29  2:54  Zergling x2  
  29  2:57  Zergling x2  
  34  3:05  Roach  
  36  3:07  Roach  
  38  3:16  Roach  
  38  3:18  Roach  
  42  3:24  Overlord  
  42  3:25  Drone x2  
  44  3:31  Lair  
  44  3:35  Metabolic Boost  
  44  3:40  Overlord  
  44  3:43  Drone  
  44  3:46  Drone  
  44  3:48  Drone  
  47  3:50  Zergling x2  
  47  3:53  Zergling x2  
  47  3:55  Zergling x2  
  50  4:01  Evolution Chamber  
  50  4:02  Drone  
  50  4:07  Drone  
  50  4:08  Evolution Chamber  
  50  4:09  Drone  
  51  4:11  Drone  
  51  4:13  Drone  
  51  4:16  Drone  
  54  4:28  Zerg Missile Weapons Level 1  
  54  4:33  Hydralisk Den  
  54  4:34  Drone, Zerg Ground Armor Level 1  
  54  4:36  Overlord  
  54  4:40  Roach  
  54  4:42  Roach  
  58  5:00  Overlord  
  58  5:02  Drone x2  
  58  5:03  Drone, Extractor, Hydralisk  
  58  5:05  Drone, Hydralisk x2  
  58  5:06  Drone  
  68  5:18  Drone x3, Roach, Overlord  
  68  5:20  Drone  
  74  5:22  Drone  
  74  5:24  Drone  
  76  5:36  Drone  
  76  5:37  Overlord  
  76  5:38  Infestation Pit  
  76  5:39  Drone  
  76  5:40  Drone  
  76  5:42  Drone  
  75  5:43  Drone  
  75  5:45  Zergling x2  
  75  5:47  Zergling x2  
  75  5:48  Drone  
  71  5:51  Roach  
  71  5:53  Roach  
  67  5:57  Roach  
  67  5:58  Roach  
  65  6:06  Hydralisk  
  65  6:07  Zergling x2, Roach  
  65  6:08  Zergling x2, Hydralisk  
  71  6:16  Infestor, Hydralisk  
  71  6:17  Roach  
  77  6:19  Zergling x2  
  77  6:20  Roach  
  78  6:25  Extractor  
  78  6:30  Zergling x2, Roach  
  78  6:38  Spine Crawler, Zergling x2  
  78  6:40  Infestor, Spine Crawler  
  78  6:42  Drone  
  78  6:45  Drone, Roach  
  81  6:48  Drone, Overlord  
  81  6:49  Drone  
  81  6:52  Drone  
  81  6:53  Roach  
  77  7:02  Hatchery  
  77  7:03  Zergling x2  
  77  7:05  Zergling x2  
  78  7:14  Drone, Zergling x2, Roach  
  78  7:15  Drone  
  83  7:17  Drone  
  83  7:20  Baneling Nest  
  83  7:24  Drone  
  83  7:28  Spire  
  83  7:33  Zergling x2  
  83  7:35  Zergling x2  
  85  7:37  Zergling x2  
  85  7:44  Evolution Chamber, Zerg Melee Weapons Level 1  
  85  7:47  Overseer  
  85  7:50  Ravager  
  86  7:53  Roach, Overlord  
  88  8:00  Ravager  
  88  8:02  Roach  
  88  8:04  Baneling  
  88  8:05  Zergling x2  
  92  8:09  Zergling x2  
  92  8:11  Zergling x4, Hydralisk  
  92  8:12  Zergling x2  
  89  8:13  Baneling x2, Zergling x2  
  89  8:15  Drone  
  89  8:16  Drone  
  92  8:20  Hydralisk  
  92  8:22  Hydralisk  
  92  8:25  Drone  
  97  8:31  Drone  
  97  8:33  Extractor  
  97  8:34  Drone  
  98  8:36  Drone  
  97  8:41  Zergling x2, Overlord  
  97  8:42  Mutalisk, Zergling x2  
  97  8:45  Drone  
  97  8:46  Drone  
  102  8:51  Hatchery  
  102  8:52  Drone  
  93  8:55  Hydralisk  
  93  8:57  Infestor  
  93  9:01  Queen  
  94  9:04  Hydralisk  
  94  9:08  Hydralisk  
  91  9:10  Drone  
  91  9:13  Drone, Zergling x2  
  91  9:15  Drone  
  91  9:16  Drone  
  95  9:18  Drone  
  95  9:20  Drone  
  95  9:24  Drone  
  95  9:29  Drone x2, Baneling x3  
  98  9:33  Baneling x2  
  98  9:34  Baneling  
  98  9:35  Drone, Baneling  
  98  9:37  Baneling  
  98  9:38  Baneling x2  
  99  9:39  Zergling x2  
  99  9:40  Baneling x3, Zergling x2  
  101  9:46  Drone  
  101  9:50  Drone x2  
  104  9:57  Drone, Baneling x2  
  105  10:01  Drone, Zergling x2  
  105  10:03  Baneling x2, Zergling x2  
  105  10:06  Queen  
  108  10:07  Mutalisk x2, Zergling x2  
  108  10:08  Drone  
  108  10:12  Zergling x2, Overlord  
  108  10:14  Drone  
  116  10:18  Mutalisk  
  116  10:23  Drone  
  116  10:26  Drone  
  100  10:29  Drone  
  100  10:34  Roach  
  92  10:35  Roach  
  92  10:36  Baneling  
  92  10:40  Roach  
  85  10:45  Zergling x2  
  85  10:46  Zergling x2  
  75  10:50  Roach, Hatchery  
  75  10:53  Overseer  
  75  10:55  Roach  
Tags
 
Add a new tag
Caveats
  • Supply blocks, unpowered buildings, or Contaminate may cause inaccurate times.
  • Supply counts are checked every 10 seconds.